 Seeded DCSS version 0.32-a0-17-gb74e046682 (webtiles) character file.

Game seed: 4251154260039535669 (custom seed)

8 hikkokomori the Poker (level 2, -3/23 HPs)
             Began as a Merfolk Gladiator on Jan 15, 2024.
             Slain by a kobold
             ... wielding a +2 whip of freezing
              (5 damage)
             ... on level 1 of the Dungeon.
             The game lasted 00:00:19 (25 turns).

hikkokomori the Poker (Merfolk Gladiator)             Turns: 25, Time: 00:00:20

Health: -3/23      AC:  4    Str: 14    XL:     2   Next: 8%
Magic:  2/2        EV: 13    Int:  7    God:
Gold:   0          SH:  0    Dex: 15    Spells: 1/1 levels left

rFire   . . .        a - +0 trident
rCold   . . .        (no shield)
rNeg    . . .        b - +0 leather armour
rPois   .            c - +0 helmet
rElec   .            (no cloak)
rCorr   .            (no gloves)
SInv    .            (no boots)
Will    .....        (no amulet)
Stlth   +            (no ring)
HPRegen 0.23/turn    (no ring)
MPRegen 0.08/turn

%: no passive effects
@: no status effects
A: (nimble swimmer 2), mertail
a: no special abilities


You were on level 1 of the Dungeon.
You visited 1 branch of the dungeon, and saw 1 of its levels.

Inventory:

Hand Weapons
 a - a +0 trident (weapon)
Missiles
 d - 3 throwing nets (quivered)
 e - a javelin
Armour
 b - a +0 leather armour (worn)
 c - a +0 helmet (worn)


   Skills:
 + Level 2.4 Fighting
 + Level 4.2 Polearms
 + Level 2.2 Throwing
 - Level 4.0 Dodging
 + Level 0.7 Stealth


You had one spell level left.
You didn't know any spells.
Your spell library was empty.

Dungeon Overview and Level Annotations

Branches:
Dungeon (1/15)

Altars:


Innate Abilities, Weirdness & Mutations

((You are very nimble when in or above water. (Stealth+, EV+, Speed+++)))
Your lower body shifts to a powerful aquatic tail in water.


Message History

You closely miss the goblin.
The goblin is severely wounded.
A bat comes into view.
The kobold closely misses you. The goblin misses you.
The bat moves out of view.
You closely miss the goblin.
The goblin is severely wounded.
The kobold barely misses you. The goblin hits you but does no damage.
You miss the goblin.
The goblin is severely wounded.
The kobold hits you with a +2 whip of freezing.
The kobold freezes you.
The goblin hits you with a +1 dagger of electrocution.
Unknown command.
You barely miss the goblin. You punch the goblin.
You kill the goblin!
The kobold closely misses you.
Unknown command.
You completely miss the kobold. The bat closely misses you.
The kobold barely misses you.
Unknown command.
You closely miss the bat. The bat closely misses you. The bat hits you.
The kobold closely misses you.
You hit the bat but do no damage. The bat hits you.
The kobold hits you with a +2 whip of freezing.
The kobold freezes you.
You closely miss the kobold. The bat hits you. The kobold misses you.
Unknown command.
You completely miss the kobold.
The kobold hits you with a +2 whip of freezing.
* * * LOW HITPOINT WARNING * * *
The kobold freezes you.
* * * LOW HITPOINT WARNING * * *
The bat completely misses you.
Unknown command.
You hit the kobold.
The kobold is severely wounded.
The bat barely misses you. The bat misses you. The kobold closely misses you.
The kobold hits you with a +2 whip of freezing.
You die...

≈≈...........≈≈#.......
≈≈≈≈.......≈≈≈≈#.......
≈≈≈≈≈≈≈.≈≈≈≈≈≈≈#.......
≈≈≈≈≈≈≈<§≈≈≈≈≈≈#.$.....
################.†.....
.................
..........).##...
.................
.........@.###...
.......!b)K# .
...........#
.........$.#
...#.>...#..
######...##.. ##... .##
... ..


You could see a bat and a kobold.

Vanquished Creatures
  A dart slug (D:1)
  A goblin (D:1)
  A quokka (D:1)
  A kobold (D:1)
  3 rats (D:1)
7 creatures vanquished.

Notes
Turn   | Place    | Note
-------+----------+-------------------------------------------
     0 | D:1      | hikkokomori the Merfolk Gladiator began the quest for the
                  | Orb.
     0 | D:1      | Reached XP level 1. HP: 16/16 MP: 1/1
    15 | D:1      | Reached XP level 2. HP: 17/23 MP: 2/2
    25 | D:1      | Slain by a kobold

Illustrated notes

Levels and vault maps discovered:
D:1:      lordsloth_arrival_two_stooges, layout_rooms, minmay_heptomino_w4

Action                     || total
---------------------------++-------
  Melee: Trident           ||    20
         Punch             ||     1
 Armour: Leather armour    ||    10
  Dodge: Dodged            ||    18

Table legend: (Time is in decaauts)
 A = Elapsed time spent in this place.
 B = Non-inter-level travel time spent in this place.
 C = Inter-level travel time spent in this place.
 D = Time resting spent in this place.
 E = Time spent auto-exploring this place.
 F = Levels seen in this place.
 G = Mean time per level.
                   A        B        C        D        E       F      G
               +--------+--------+--------+--------+--------+-----+--------+
         Total |     26 |     26 |      0 |      0 |      1 |   1 |   26.0 |
       Dungeon |     26 |     26 |      0 |      0 |      1 |   1 |   26.0 |
               +--------+--------+--------+--------+--------+-----+--------+

Top non-repeatable levels by time:
     D:1: 26 daAuts
